 Dungeon Crawl Stone Soup version 0.23-a0-338-g8ff0b24 (webtiles) character file.

1250 Garbasso the Skirmisher (level 8, -2/87 HPs)
             Began as an Ogre Wizard on Oct 18, 2018.
             Was an Initiate of Ashenzari.
             Slain by an orc priest
             ... wielding a +2 trident of freezing
              (5 damage)
             ... on level 7 of the Dungeon.
             The game lasted 00:32:54 (10193 turns).

Garbasso the Skirmisher (Ogre Wizard)              Turns: 10193, Time: 00:32:55

Health: -2/87      AC:  3    Str: 12    XL:     8   Next: 50%
Magic:  16/16      EV:  5    Int: 21    God:    Ashenzari [......]
Gold:   326        SH:  0    Dex:  7    Spells: 1/18 levels left

rFire    . . .     SeeInvis .   a - +0 lajatang
rCold    . . .     Gourm    .   (shield currently unavailable)
rNeg     . . .     Faith    .   g - +0 robe
rPois    .         Spirit   .   l - +0 hat (curse)
rElec    .         Reflect  .   (no cloak)
rCorr    .         Harm     .   (gloves unavailable)
MR       .....                  (boots unavailable)
Stlth    +.........             (no amulet)
HPRegen  0.24/turn              (no ring)
MPRegen  0.15/turn              (no ring)

@: marked, held, drained
A: large, unfitting armour, tough skin 1
a: Curse Item, Renounce Religion


You were on level 7 of the Dungeon.
You worshipped Ashenzari.
Ashenzari was noncommittal.
You were very hungry.

You visited 2 branches of the dungeon, and saw 8 of its levels.

You collected 326 gold pieces.

Inventory:

Hand Weapons
 a - a +0 lajatang (weapon)
 w - a +0 trident
Missiles
 k - 239 stones (quivered)
 y - 3 large rocks {=f}
Armour
 g - a +0 robe (worn)
 l - a cursed +0 hat (worn)
Magical Staves
 b - an uncursed staff of wizardry
Jewellery
 v - an uncursed ring of flight
Wands
 m - a wand of enslavement (14)
 s - a wand of polymorph (14)
 t - a wand of disintegration (12)
 x - a wand of flame (35)
Scrolls
 c - a scroll of blinking {unknown}
 e - 2 scrolls of amnesia {unknown}
 h - 3 scrolls of fog {unknown}
 i - 3 scrolls of immolation
 j - 6 scrolls of identify
 q - 2 scrolls of enchant armour {unknown}
 r - 3 scrolls of teleportation
 z - a scroll of remove curse
Potions
 f - 4 potions of curing
 n - 4 potions of brilliance
 o - a potion of resistance
 p - a potion of heal wounds
 u - a potion of flight
 A - a potion of magic
Comestibles
 d - 7 rations


   Skills:
 + Level 7.0(6.0) Fighting
 * Level 1.4(0.6) Staves
 - Level 1.7(0.9) Dodging
 - Level 1.4(0.5) Stealth
 - Level 5.7(4.7) Spellcasting
 - Level 3.1(2.2) Conjurations
 * Level 4.3(3.4) Summonings
 - Level 1.0(0.1) Translocations
 + Level 3.1(2.2) Air Magic


You had one spell level left.
You knew the following spells:

 Your Spells              Type           Power        Failure   Level  Hunger
a - Magic Dart            Conj           ##..         4%          1    None
b - Call Imp              Summ           ###.....     4%          2    None
c - Blink                 Tloc           N/A          16%         2    None
d - Mephitic Cloud        Conj/Pois/Air  ##......     19%         3    ##.....
e - Conjure Flame         Conj/Fire      #.......     22%         3    ##.....
f - Summon Lightning Spi  Summ/Air       ###.....     34%         4    ####...
g - Animate Skeleton      Necr           N/A          11%         1    None
h - Apportation           Tloc           #.....       11%         1    None

Your spell library contained the following spells:

 Spells                   Type           Power        Failure   Level  Hunger
 Summon Small Mammal      Summ           ###.         2%          1    None
 Confusing Touch          Hex            #.....       11%         1    None
 Call Canine Familiar     Summ           ###.....     9%          3    ##.....
 Slow                     Hex            #.......     17%         2    None
 Summon Guardian Golem    Hex/Summ       ##......     17%         3    ##.....
 Gell's Gravitas          Tloc           #.........   30%         3    ##.....
 Confuse                  Hex            #.......     32%         3    ##.....
 Summon Ice Beast         Ice/Summ       ##......     50%         4    ####...
 Petrify                  Tmut/Erth      #.......     73%         4    ####...
 Metabolic Englaciation   Hex/Ice        #.........   97%         5    #####..
 Yara's Violent Unravell  Hex/Tmut       #.........   97%         5    #####..


Dungeon Overview and Level Annotations

Branches:
Dungeon (7/15)             Temple (1/1) D:7

Altars:
Ashenzari
Cheibriados
Dithmenos
Elyvilon
Fedhas
Gozag
Hepliaklqana
Kikubaaqudgha
Makhleb
Nemelex Xobeh
Okawaru
Qazlal
Ru
Sif Muna
Trog
Uskayaw
Vehumet
Wu Jian
Xom
Yredelemnul
Zin
The Shining One

Annotations:
D:2 1 runed door
D:7 Harold


Innate Abilities, Weirdness & Mutations

You are too large for most types of armour.
You have tough skin. (AC +1)


Message History

You struggle against the net.
Harold hits your white imp with a +0 flail!!
Your white imp dies!
You struggle against the net.
Harold gestures at you while chanting. The harpoon shot hits your shadow imp.
Your shadow imp dies!
You struggle against the net.
The orc priest looks braver for a moment.
You rip the net and break free!
Harold throws a throwing net.
The throwing net hits you.
You become entangled in the net!
You struggle against the net.
The orc priest invokes the aid of Beogh against you.
Beogh smites you!
You tear a large gash into the net.
Harold hits you with a +0 flail!!
* * * LOW HITPOINT WARNING * * *
You struggle against the net.
Harold hits you with a +0 flail.
* * * LOW HITPOINT WARNING * * *
The orc priest hits you from afar with a +2 trident of freezing.
You die...

#########
##..[....##
#.........#
#..?......# .
#.........#..
#........#..#
#...@......#
##..@.....##
###o†...##
##...## ...##
...## ...##
...# #5o#


You could see Harold and an orc priest.

Vanquished Creatures
  Edmund (D:6)
  A water moccasin zombie (D:7)
  2 wights (D:7)
  2 crimson imps
  A hound (D:7)
  A bullfrog skeleton (D:5)
  5 orc wizards
  Natasha (twice) (D:3)
  Terence (D:2)
  A hound zombie (D:5)
  A hound skeleton (D:6)
  2 adders
  A shadow imp (D:6)
  2 adder skeletons
  A worm (D:2)
  A dart slug (D:1)
  A leopard gecko (D:6)
  6 orcs
  A ball python (D:2)
  5 bats
  7 giant cockroaches
  4 goblins
  8 hobgoblins
  3 jackals
  A quokka (D:2)
  6 frilled lizards
  10 kobolds
  A leopard gecko skeleton (D:7)
  8 rats
86 creatures vanquished.

Vanquished Creatures (collateral kills)
  3 bullfrogs
  4 scorpions
  2 wights (D:7)
  A quasit (D:5)
  2 hounds
  A jelly (D:5)
  A centaur skeleton (D:5)
  3 orc wizards
  Ijyb (D:3)
  6 worker ants
  11 adders
  A dart slug (D:5)
  2 leopard geckos
  2 orcs (D:6)
  A ball python (D:3)
  A giant cockroach (D:3)
  A goblin (D:2)
  4 hobgoblins (D:1)
  7 jackals
  2 quokkas
  11 bats
  2 frilled lizards
  4 kobolds
73 creatures vanquished.

Vanquished Creatures (others)
  An orc wizard (D:6)
  5 fungi (D:5)
6 creatures vanquished.

Grand Total: 165 creatures vanquished

Notes
Turn   | Place    | Note
-------+----------+-------------------------------------------
     0 | D:1      | Garbasso the Ogre Wizard began the quest for the Orb.
     0 | D:1      | Reached XP level 1. HP: 16/16 MP: 5/5
    25 | D:1      | Reached skill level 1 in Fighting
    25 | D:1      | Reached skill level 1 in Conjurations
   322 | D:1      | Reached XP level 2. HP: 24/27 MP: 2/6
   393 | D:1      | Learned a level 2 spell: Call Imp
   396 | D:1      | Learned a level 2 spell: Blink
   705 | D:1      | Reached skill level 1 in Summonings
   705 | D:1      | Reached skill level 1 in Translocations
  1069 | D:1      | Reached skill level 2 in Fighting
  1428 | D:1      | Reached XP level 3. HP: 35/35 MP: 1/8
  1434 | D:1      | Learned a level 3 spell: Mephitic Cloud
  1668 | D:2      | Noticed Terence
  1689 | D:2      | Killed Terence
  1706 | D:2      | Reached skill level 3 in Fighting
  1706 | D:2      | Reached XP level 4. HP: 42/45 MP: 2/10
  1729 | D:2      | Learned a level 3 spell: Conjure Flame
  2366 | D:2      | Found a runed door.
  2642 | D:3      | Noticed Natasha
  2677 | D:3      | Killed Natasha
  2677 | D:3      | Reached XP level 5. HP: 28/54 MP: 2/11
  3218 | D:3      | Noticed Ijyb
  3238 | D:3      | Killed Ijyb
  3444 | D:3      | Noticed Natasha
  3460 | D:3      | Killed Natasha
  3460 | D:3      | Reached skill level 4 in Fighting
  4396 | D:4      | Reached skill level 1 in Air Magic
  4398 | D:4      | Reached XP level 6. HP: 37/63 MP: 0/12
  4858 | D:5      | Entered Level 5 of the Dungeon
  5081 | D:5      | Reached skill level 5 in Fighting
  5804 | D:5      | Reached XP level 7. HP: 72/72 MP: 7/14
  5953 | D:5      | Learned a level 4 spell: Summon Lightning Spire
  6299 | D:5      | Reached skill level 5 in Spellcasting
  7148 | D:6      | Reached skill level 6 in Fighting
  7799 | D:6      | Noticed Edmund
  7818 | D:6      | Killed Edmund
  8076 | D:6      | Reached XP level 8. HP: 26/84 MP: 12/16
  8458 | D:6      | Found a shattered altar of Ashenzari.
  8580 | D:6      | Became a worshipper of Ashenzari the Shackled
  8721 | D:6      | Learned a level 1 spell: Animate Skeleton
  8723 | D:6      | Learned a level 1 spell: Apportation
  9130 | D:7      | Found a staircase to the Ecumenical Temple.
  9151 | Temple   | Entered the Ecumenical Temple
  9839 | D:7      | Reached skill level 1 in Staves
 10160 | D:7      | Noticed Harold
 10178 | D:7      | Reached skill level 7 in Fighting
 10193 | D:7      | HP: 3/87 [Harold/+0 flail (6)]
 10193 | D:7      | Slain by an orc priest

Vault maps used:
D:1:      mrwooster_arrival_arrow
D:2:      minmay_misc_feat_hallway, uniq_terence, uniq_crazy_yiuf_cottage
D:3:      cheibrodos_helix_gallery, first_ration, uniq_ijyb, uniq_natasha
D:5:      old_forge
D:6:      nicolae_ashenzari_panopticon, uniq_edmund
D:7:      cheibrodos_statue_roulette, minmay_temple_entry_statues_fountains,
          uniq_harold
Temple:   nicolae_temple_the_god_donut

Skill      XL: |  1  2  3  4  5  6  7  8 |
---------------+-------------------------+-----
Fighting       | 1 2 3 4 5 6 7 |  7.0
Conjurations   | 1 2 3 |  3.1
Summonings     | 1 2 3 4 |  4.3
Translocations | 1 |  1.0
Spellcasting   | 4 5 |  5.7
Air Magic      | 1 2 3 |  3.1
Staves         | 1 |  1.4
Dodging        | |  1.7
Stealth        | |  1.4

Action                   |  1- 3 |  4- 6 |  7- 9 || total
-------------------------+-------+-------+-------++-------
Melee: Unarmed           |    10 |       |       ||    10
       Dagger            |    29 |       |       ||    29
       Short sword       |    28 |       |       ||    28
       Trident           |     5 |   191 |   148 ||   344
       Lajatang          |       |       |    64 ||    64
Throw: Stone             |       |     4 |       ||     4
 Cast: Magic Dart        |    21 |    14 |     1 ||    36
       Call Imp          |    10 |    59 |    63 ||   132
       Mephitic Cloud    |     1 |     4 |     6 ||    11
       Blink             |       |     1 |     4 ||     5
       Conjure Flame     |       |       |     3 ||     3
       Summon Lightning  |       |       |     3 ||     3
       Animate Skeleton  |       |       |     1 ||     1
Invok: Curse Item        |       |       |     1 ||     1
  Use: Potion            |       |       |     2 ||     2
       Scroll            |       |       |     7 ||     7
 Stab: Sleeping          |       |     4 |     2 ||     6
       Distracted        |       |     2 |     2 ||     4
       Confused          |       |     1 |     2 ||     3
  Eat: Chunk             |     3 |     9 |     9 ||    21
       Ration            |       |     2 |     1 ||     3
Armor: Robe              |    17 |    67 |    47 ||   131
Dodge: Dodged            |    44 |   120 |    86 ||   250

Table legend:
 A = Non-vault XP
 B = Vault XP
 C = Vault XP percentage of total XP
 D = Non-vault monster count
 E = Vault monster count
 F = Vault count percentage of total count
                 A         B        C        D         E       F
            +---------+---------+-------+---------+---------+-------
      Total |    1482 |     304 |  17.0 |     136 |      24 |  15.0
            +---------+---------+-------+---------+---------+-------
        D:1 |      34 |       0 |   0.0 |      25 |       0 |   0.0
        D:2 |      69 |      32 |  31.7 |      28 |       1 |   3.4
        D:3 |      45 |      45 |  50.0 |      14 |       4 |  22.2
        D:4 |     107 |       0 |   0.0 |       8 |       0 |   0.0
        D:5 |     366 |     130 |  26.2 |      20 |      18 |  47.4
        D:6 |     402 |      97 |  19.4 |      27 |       1 |   3.6
        D:7 |     459 |       0 |   0.0 |      14 |       0 |   0.0
            +---------+---------+-------+---------+---------+-------
